Map: White Rabbit LE

Players

Cat - Winner!

  • Race: Zerg Zerg
  • Spawn Location: 7:00

VOD

Have the link to the VOD?

Description

Time

  • Played on: Jan. 3, 2026, 12:51 p.m.
  • Length: 45:23
Show
View Real Time Build Order
Export as new Build Order

Cat Zerg - Winner!

Build Orders:  

Get SALT Encoding   

  12  0:04  Drone  
  13  0:11  Drone  
  14  0:24  Overlord  
  14  0:49  Drone  
  15  1:05  Spawning Pool, Drone  
  15  1:06  Drone  
  16  1:20  Drone  
  16  1:26  Drone  
  18  1:37  Overlord  
  18  1:52  Drone  
  18  1:59  Extractor  
  18  2:07  Drone  
  19  2:19  Extractor  
  18  2:23  Drone  
  18  2:25  Queen  
  21  2:40  Drone  
  22  2:56  Zergling x2  
  23  3:09  Drone  
  24  3:15  Queen  
  26  3:55  Drone  
  26  3:56  Drone x2  
  29  4:22  Overlord x2  
  29  4:41  Evolution Chamber  
  29  4:46  Roach Warren  
  27  5:10  Lair  
  27  5:17  Metabolic Boost  
  27  5:18  Hatchery  
  27  5:19  Drone x4  
  33  5:20  Drone x2  
  32  5:34  Spine Crawler  
  32  5:39  Spine Crawler  
  30  5:43  Spine Crawler  
  29  5:50  Spore Crawler  
  29  5:56  Spine Crawler  
  27  6:00  Roach  
  27  6:01  Roach  
  31  6:32  Zerg Melee Weapons Level 1  
  31  6:37  Glial Reconstitution  
  31  6:49  Roach  
  33  7:17  Drone x2  
  33  7:18  Drone x4  
  33  7:19  Drone  
  40  7:34  Queen  
  42  8:27  Tunneling Claws  
  42  8:28  Infestation Pit  
  41  8:39  Drone x2, Roach  
  45  8:40  Roach x2, Drone x2  
  45  8:41  Drone  
  52  9:12  Zerg Missile Weapons Level 1  
  49  10:03  Drone x3  
  52  10:10  Overlord x2  
  52  10:44  Spine Crawler  
  51  10:51  Spine Crawler  
  50  11:10  Extractor  
  50  11:11  Drone x3  
  50  11:12  Extractor, Drone  
  52  11:43  Drone x2  
  52  11:44  Drone x3, Spine Crawler  
  52  11:45  Spine Crawler  
  52  11:46  Spine Crawler  
  52  11:48  Spine Crawler  
  53  11:52  Zerg Ground Armor Level 1, Roach x4  
  53  11:53  Roach x2  
  53  11:55  Spine Crawler  
  67  12:58  Hive  
  67  13:32  Baneling Nest  
  66  13:51  Spire, Spine Crawler  
  66  13:57  Roach x2  
  68  14:04  Overlord  
  68  14:05  Overlord  
  68  14:30  Hydralisk Den  
  68  14:32  Zerg Melee Weapons Level 2  
  67  14:53  Drone  
  67  14:54  Drone x2  
  67  14:57  Centrifugal Hooks, Overlord  
  67  14:58  Overlord  
  70  15:04  Hatchery, Neural Parasite  
  61  16:03  Hydralisk x2, Roach x2  
  61  16:04  Hydralisk x3, Roach x2  
  79  16:24  Adrenal Overload  
  79  16:26  Queen x2  
  83  16:53  Queen  
  85  17:06  Drone  
  85  17:07  Drone x4  
  85  17:08  Drone x4  
  85  17:09  Drone x3  
  104  17:10  Drone x2  
  99  17:42  Zerg Missile Weapons Level 2  
  99  18:05  Hydralisk x2, Roach  
  105  18:11  Overlord x2  
  105  18:44  Unknown  
  105  19:36  Unknown  
  105  20:36  Zerg Flyer Weapons Level 1  
  105  20:48  Hatchery  
  104  20:52  Zerg Ground Armor Level 2  
  104  21:03  Spore Crawler  
  104  21:06  Unknown  
  104  21:09  Spore Crawler  
  102  21:15  Spore Crawler  
  102  21:18  Spore Crawler  
  84  21:50  Hydralisk x4, Roach x3  
  84  21:51  Hydralisk x2, Roach x3  
  84  21:52  Hydralisk x3, Roach x2  
  118  22:22  Queen  
  120  22:36  Unknown  
  120  23:01  Drone  
  120  23:02  Drone x4  
  120  23:08  Overlord  
  120  23:09  Overlord  
  125  23:16  Zerg Flyer Armor Level 1  
  125  24:02  Zerg Melee Weapons Level 3  
  123  24:42  Hydralisk, Roach  
  123  24:43  Hydralisk x4, Roach x3  
  123  24:44  Hydralisk, Roach x2  
  123  24:48  Overlord  
  123  24:49  Overlord x3  
  106  26:49  Spine Crawler  
  93  26:50  Spine Crawler  
  93  26:53  Hydralisk, Roach  
  93  26:54  Hydralisk x2, Roach x3  
  93  26:55  Hydralisk x3, Roach x3  
  93  26:56  Hydralisk x3, Roach x2  
  93  26:57  Hydralisk, Roach x2  
  116  27:42  Zerg Missile Weapons Level 3  
  116  27:52  Hydralisk x3, Roach x3  
  116  27:53  Hydralisk x3, Roach x3  
  108  29:07  Hydralisk x2, Roach x2  
  108  29:08  Hydralisk x3, Roach x3  
  108  29:09  Hydralisk, Roach  
  126  29:28  Drone x4  
  130  29:46  Queen  
  132  29:58  Extractor  
  131  30:01  Extractor  
  130  30:35  Spore Crawler  
  130  30:36  Queen  
  130  30:39  Spore Crawler  
  130  30:41  Spore Crawler x2  
  130  30:45  Spore Crawler  
  127  30:58  Spine Crawler  
  126  31:24  Hydralisk x2, Roach x2  
  126  31:25  Hydralisk x2, Roach x3  
  126  31:26  Hydralisk x3, Roach x2  
  126  31:27  Roach  
  138  32:17  Hydralisk, Roach x2  
  138  32:18  Hydralisk x3, Roach x3  
  138  32:19  Hydralisk x2, Roach  
  134  33:29  Hydralisk x2, Roach x3  
  202  33:30  Hydralisk x3, Roach x3  
  130  33:31  Hydralisk  
  132  34:00  Queen  
  130  34:25  Spore Crawler  
  130  34:26  Spore Crawler x2  
  130  34:28  Spore Crawler  
  130  34:29  Spore Crawler  
  125  34:30  Spore Crawler  
  125  34:36  Spine Crawler x2  
  122  34:41  Spine Crawler  
  121  35:35  Zerg Flyer Weapons Level 2  
  121  35:45  Drone x2  
  121  35:46  Hatchery  
  108  36:27  Roach  
  108  36:28  Hydralisk, Roach  
  112  36:51  Extractor  
  112  36:54  Extractor  
  86  38:14  Hydralisk, Roach x2  
  86  38:15  Hydralisk x3, Roach x2  
  86  38:16  Roach x2  
  106  38:45  Zerg Flyer Armor Level 2  
  104  38:53  Hydralisk, Roach  
  104  38:54  Hydralisk, Roach  
  106  39:24  Drone x4  
  106  39:25  Drone  
  111  39:49  Roach  
  240  39:50  Hydralisk x2, Roach x2  
  113  39:51  Roach  
  119  40:52  Hydralisk x2, Roach x3  
  119  40:53  Hydralisk, Roach  
  131  41:58  Hydralisk x2, Roach x3  
  131  41:59  Hydralisk, Roach  
  143  43:00  Hydralisk, Roach  
  143  43:01  Hydralisk x2, Roach x3  
Tags
 
Add a new tag
Caveats
  • Supply blocks, unpowered buildings, or Contaminate may cause inaccurate times.
  • Supply counts are checked every 10 seconds.